 Dungeon Crawl Stone Soup version 0.27-a0-1049-g450f9b2e0d (webtiles) character file.

Game seed: 15904511180571737858

3070 Anon1729 the Agent of Entropy (level 9, -2/72 (74) HPs)
             Began as a Demonspawn Abyssal Knight on Apr 20, 2021.
             Was a Priest of Lugonu.
             Succumbed to an orange demon's poison
             ... on level 7 of the Dungeon.
             The game lasted 00:12:40 (9801 turns).

Anon1729 the Agent of Entropy (DsAK)                Turns: 9801, Time: 00:12:41

HP:   -2/72 (74)    AC:  7    Str: 12    XL:     9   Next: 58%
MP:   17/24         EV: 15    Int: 14    God:    Lugonu [***...]
Gold: 276           SH:  0    Dex: 16    Spells: 8/8 levels left

rFire    . . .     SeeInvis .   a - +1 falchion
rCold    . . .     Faith    .   (no shield)
rNeg     + . .     Spirit   .   b - +1 leather armour
rPois    .         Reflect  .   (no helmet)
rElec    .         Harm     .   j - +0 cloak
rCorr    .         Rampage  .   (no gloves)
Will     .....                  (boots unavailable)
Stlth    +.........             (no amulet)
HPRegen  0.22/turn              p - ring of positive energy
MPRegen  0.19/turn              v - ring of magical power

@: lethally poisoned (-2 -> -25), weakened, lightly drained
A: talons 3, rugged brown scales 2, spiny 2
a: Renounce Religion, Depart the Abyss, Bend Space, Banish


You were on level 7 of the Dungeon.
You worshipped Lugonu.
Lugonu was most pleased with you.
You visited 1 branch of the dungeon, and saw 7 of its levels.
You visited the Abyss 1 time.

You collected 276 gold pieces.

Inventory:

Hand Weapons
 a - a +1 falchion (weapon)
 n - a +0 long sword
Armour
 b - a +1 leather armour (worn)
 j - a +0 cloak (worn)
Jewellery
 p - a ring of positive energy (left hand)
 v - a ring of magical power (right hand)
Wands
 f - a wand of flame (6)
Scrolls
 c - 2 scrolls of enchant armour
 e - 2 scrolls of amnesia
 h - a scroll of teleportation
 m - a scroll of summoning
 q - a scroll of fog {unknown}
 s - a scroll of brand weapon {unknown}
Potions
 d - 2 potions of resistance
 g - a potion of curing
 i - 2 potions of lignification
 k - 4 potions of flight
 l - 4 potions of heal wounds
 o - 4 potions of magic
 r - a potion of mutation {unknown}
 t - 2 potions of attraction {unknown}
 u - a potion of cancellation {unknown}


   Skills:
 + Level 6.7 Fighting
 + Level 5.7 Long Blades
 - Level 2.0 Armour
 * Level 7.8 Dodging
 + Level 8.2 Invocations


You had 8 spell levels left.
You didn't know any spells.
Your spell library contained the following spells:

 Spells                   Type           Power      Damage    Failure   Level
 Animate Skeleton         Necr           0%         N/A       36%         1
 Apportation              Tloc           0%         N/A       36%         1
 Corona                   Hex            0%         N/A       36%         1
 Summon Small Mammal      Summ           0%         N/A       36%         1


Dungeon Overview and Level Annotations

Branches:
Dungeon (7/15)             Temple (0/1) D:4

Altars:
Ashenzari
Fedhas

Annotations:
D:4 3 runed translucent doors, Karim's ghost, amateur NaWz


Innate Abilities, Weirdness & Mutations

You have claws for feet.
You are mostly covered in rugged brown scales. (AC +2, +5% HP)
You are mostly covered in sharp spines.


Message History

The orange demon barely misses you.
You miss the kobold demonologist.
You claw the kobold demonologist, but do no damage.
The kobold demonologist is almost dead.
The kobold demonologist hits you with a +0 club.
The orange demon closely misses you.
You riposte.
You hit the orange demon but do no damage.
You claw the orange demon.
The orange demon is moderately wounded.
The orange demon hits you but does no damage.
The soul eater hits you!!
You hit the kobold demonologist.
The kobold demonologist is almost dead.
The kobold demonologist is struck by your spines.
The kobold demonologist closely misses you.
You riposte.
You barely miss the kobold demonologist.
Your kick misses the kobold demonologist.
The kobold demonologist is almost dead.
The orange demon stings you. The orange demon hits you.
The soul eater hits you!
* * * LOW HITPOINT WARNING * * *
You closely miss the kobold demonologist.
The kobold demonologist is almost dead.
The kobold demonologist barely misses you.
The orange demon is struck by your spines.
The orange demon stings you.
* * * LOW HITPOINT WARNING * * *
You are lethally poisoned!
The orange demon poisons you! The orange demon closely misses you.
The soul eater is struck by your spines.
The soul eater hits you!
* * * LOW HITPOINT WARNING * * *
You partially resist.
You feel drained.
* * * LOW HITPOINT WARNING * * *
Okay, then.
You hit the kobold demonologist.
Your kick misses the kobold demonologist.
The kobold demonologist is almost dead.
You die...

.4..##.......#........#...#####.#
#K...........#.#...#..[#### #.#
#.........#.......##...# #.#
..#.#...###.....#....### #..
.5###.4## ############ ##.
..K....# #.
#......#########################.
....##.#.......#.4.....#.......#.
....##.#.#.#.#4#@#.#.#.#.#.#.#.#)
#...........555K.3...........)...
#...).5############'#############
#..##### #..†..# #...# ##...##
....# ##### #####


You could see a soul eater (summoned), an orange demon (summoned), a kobold
demonologist, a quasit (summoned), a crimson imp (summoned) and a shadow imp
(summoned).

Vanquished Creatures
  A water moccasin (D:5)
  An orc warrior (D:7)
  3 ice beasts
  2 ogres (D:6)
  A centaur (D:6)
  A bullfrog (D:7)
  3 scorpions (D:5)
  2 water moccasin zombies (D:5)
  A wyvern zombie (D:7)
  3 wyvern skeletons
  A water moccasin skeleton (D:5)
  3 wights
  6 howler monkeys (D:7)
  A bullfrog zombie (D:6)
  3 centaur zombies
  3 jellies
  A gnoll shaman (D:7)
  3 hounds
  3 centaur skeletons
  4 iguanas
  6 orc wizards
  A hound zombie (D:5)
  Robin (D:3)
  7 adders
  4 gnolls (D:5)
  2 howler monkey skeletons (D:7)
  A shadow imp (D:6)
  2 white imps
  An ufetubus (D:5)
  An adder skeleton (D:4)
  A worm (D:2)
  3 dart slugs
  7 orcs
  3 bats
  9 endoplasms
  A giant cockroach (D:1)
  19 goblins
  4 hobgoblins
  14 jackals
  A quokka (D:5)
  4 ball pythons
  4 frilled lizards
  4 kobolds
  2 rats
148 creatures vanquished.

Notes
Turn   | Place    | Note
-------+----------+-------------------------------------------
     0 | Abyss:1  | Anon1729 the Demonspawn Abyssal Knight began the quest for
                  | the Orb.
     0 | Abyss:1  | Reached XP level 1. HP: 18/18 MP: 2/2
     8 | D:1      | Escaped the Abyss
    73 | D:1      | Reached skill level 1 in Dodging
   200 | D:1      | Gained mutation: You are partially covered in sharp spines.
                  | [demonic ancestry]
   200 | D:1      | Reached XP level 2. HP: 17/24 MP: 4/4
   400 | D:1      | Reached ** piety under Lugonu
   701 | D:2      | Gained mutation: You are mostly covered in sharp spines.
                  | [demonic ancestry]
   701 | D:2      | Reached XP level 3. HP: 16/29 MP: 5/5
   870 | D:2      | Found a faded altar of an unknown god.
  1136 | D:2      | Reached skill level 3 in Invocations
  1788 | D:3      | Noticed Robin
  1795 | D:3      | Reached XP level 4. HP: 22/35 MP: 6/6
  2100 | D:3      | Killed Robin
  2258 | D:3      | Gained mutation: You have sharp toenails. [demonic
                  | ancestry]
  2258 | D:3      | Reached XP level 5. HP: 14/42 MP: 7/7
  2951 | D:4      | Reached skill level 4 in Invocations
  3058 | D:4      | Found a runed translucent gate.
  3058 | D:4      | Found a runed translucent gate.
  3058 | D:4      | Found a runed translucent gate.
  3059 | D:4      | Noticed Karim's ghost (amateur NaWz)
  3210 | D:4      | Found a staircase to the Ecumenical Temple.
  3489 | D:4      | Identified the +1 quarterstaff of Evisceration {freeze,
                  | Will+ Str+4}
  3522 | D:4      | Gained mutation: You have razor-sharp toenails. [demonic
                  | ancestry]
  3522 | D:4      | Reached XP level 6. HP: 41/48 MP: 9/9
  4071 | D:5      | Entered Level 5 of the Dungeon
  4193 | D:5      | Noticed a water moccasin
  4199 | D:5      | Killed a water moccasin
  4508 | D:5      | Gained mutation: You are partially covered in rugged brown
                  | scales. (AC +1, +3% HP) [demonic ancestry]
  4508 | D:5      | Reached XP level 7. HP: 43/56 MP: 10/10
  4616 | D:5      | Reached skill level 5 in Invocations
  5248 | D:5      | Reached skill level 5 in Dodging
  5435 | D:5      | Reached skill level 5 in Fighting
  5545 | D:5      | Found a broken altar of Ashenzari.
  6186 | D:6      | Gained mutation: You have claws for feet. [demonic
                  | ancestry]
  6186 | D:6      | Reached XP level 8. HP: 59/63 MP: 12/12
  6188 | D:6      | Reached skill level 6 in Invocations
  6202 | D:6      | Reached *** piety under Lugonu
  7035 | D:6      | Found a blossoming altar of Fedhas.
  7618 | D:7      | Reached skill level 7 in Invocations
  7679 | D:7      | Reached skill level 5 in Long Blades
  7679 | D:7      | Gained mutation: You are mostly covered in rugged brown
                  | scales. (AC +2, +5% HP) [demonic ancestry]
  7679 | D:7      | Reached XP level 9. HP: 61/72 MP: 14/14
  7729 | D:7      | Noticed a two-headed ogre
  7940 | D:6      | HP: 2/73 [ice beast (7)]
  8881 | D:7      | Reached skill level 8 in Invocations
  9099 | D:7      | Noticed a kobold demonologist
  9763 | D:7      | Noticed a red devil
  9789 | D:7      | Noticed a hellwing
  9794 | D:7      | Noticed an orange demon
  9798 | D:7      | Noticed a soul eater
  9801 | D:7      | Succumbed to an orange demon's poison

Illustrated notes

Levels and vault maps discovered:
D:1:      lemuel_arrival_rhombus, layout_rooms
D:2:      layout_loops_corners, hellmonk_ecumenical_altar_slurped_away,
          kennysheep_decorative_pillar, fountainhead
D:3:      layout_rooms, lemuel_another_geyser, uniq_robin
D:4:      layout_loops_corners, temple_green, gammafunk_ghost_necromancy,
          eino_small_chamber_without_monster, kennysheep_boxes
D:5:      minmay_skewed_foursquare, layout_cave_pods, general_overflow_altar
D:6:      layout_rooms, kennysheep_little_box
D:7:      layout_cave_pools, minmay_strange_pillars, grunt_ministairs_9,
          hangedman_decor_peaks_small, hangedman_minor_gate_pass

Skill      XL: |  1  2  3  4  5  6  7  8  9 |
---------------+----------------------------+-----
Dodging        | 1 2 3 4 5 6 7 |  7.8
Armour         | 2 |  2.0
Long Blades    | 2 3 4 5 |  5.7
Invocations    | 3 4 5 7 8 |  8.2
Fighting       | 4 5 6 |  6.7

Action                   |  1- 3 |  4- 6 |  7- 9 || total
-------------------------+-------+-------+-------++-------
Melee: Falchion          |    64 |    78 |   226 ||   368
       Kick              |       |    20 |   103 ||   123
Invok: Bend Space        |       |       |     3 ||     3
       Banish            |       |       |     1 ||     1
Evoke: Wand              |       |       |    22 ||    22
  Use: Scroll            |     1 |     8 |     3 ||    12
 Stab: Sleeping          |       |     1 |       ||     1
Armor: Leather armour    |    24 |    22 |    58 ||   104
Dodge: Dodged            |    42 |    50 |   186 ||   278
       Rpst.: Falchion   |    13 |    11 |    49 ||    73

Table legend: (Time is in decaauts)
 A = Elapsed time spent in this place.
 B = Non-inter-level travel time spent in this place.
 C = Inter-level travel time spent in this place.
 D = Time resting spent in this place.
 E = Time spent auto-exploring this place.
 F = Levels seen in this place.
 G = Mean time per level.
                   A        B        C        D        E       F      G
               +--------+--------+--------+--------+--------+-----+--------+
         Total |   9929 |   9474 |    455 |   2550 |   5627 |   8 | 1241.1 |
       Dungeon |   9921 |   9466 |    455 |   2550 |   5627 |   7 | 1417.3 |
         Abyss |      8 |      8 |      0 |      0 |      0 |   1 |    8.0 |
               +--------+--------+--------+--------+--------+-----+--------+

Top non-repeatable levels by time:
     D:5: 2634 daAuts
     D:4: 1650 daAuts
     D:6: 1481 daAuts
     D:2: 1403 daAuts
     D:7: 1254 daAuts
     D:3: 827 daAuts
     D:1: 670 daAuts
 Abyss:1: 8 daAuts
